 Dungeon Crawl Stone Soup version 0.31-a0-1010-g5322dac6a2 (webtiles) character file.

Game seed: 17269158250884503601

2536 Dirtsage the Mimic (level 9, -4/49 HPs)
             Began as an Octopode Shapeshifter on Nov 16, 2023.
             Was an Initiate of the Shining One.
             Slain by a rakshasa (illusionary)
             ... wielding a +0 trident
              (11 damage)
             ... on level 7 of the Dungeon.
             The game lasted 00:17:08 (6942 turns).

Dirtsage the Mimic (Octopode Shapeshifter)          Turns: 6942, Time: 00:17:09

Health: -4/49      AC:  1    Str: 13    XL:     9   Next: 55%
Magic:  20/20      EV: 14    Int: 13    God:    the Shining One [......]
Gold:   217        SH: 12    Dex: 21    Spells: 8/8 levels left

rFire   . .          .
                       - Unarmed
rCold   . . .        k - +0 buckler
rNeg    . . .        (helmet restricted)
rPois   +            y - amulet of magic regeneration
rElec   .            j - +6 ring of dexterity
rCorr   .            P - ring of poison resistance
SInv    .            A - ring of magical power
Will    .....        (no ring)
Stlth   +            (no ring)
HPRegen 0.28/turn    (no ring)
MPRegen 0.57/turn    (no ring)
                     (no ring)

%: no passive effects
@: divinely shielded, maw-form, glowing
A: devouring maw, reduced hp, almost no armour, amphibious, 8 rings, camouflage
1, gelatinous body 1, (nimble swimmer 1), tentacles
a: Begin Untransformation, Renounce Religion


You were on level 7 of the Dungeon.
You worshipped the Shining One.
The Shining One was noncommittal.
You were a creature with a mouth for a stomach.
You visited 2 branches of the dungeon, and saw 9 of its levels.
You also visited: Sewer.

You collected 351 gold pieces.
You spent 134 gold pieces at shops.

Inventory:

Missiles
 v - a throwing net
Armour
 k - a +0 buckler (worn)
Magical Staves
 m - a staff of cold
Jewellery
 j - a +6 ring of dexterity (left tentacle)
 t - a ring of fire
 y - an amulet of magic regeneration (around mantle)
 A - a ring of magical power (on tentacle)
 P - a ring of poison resistance (right tentacle)
Talismans
 b - a beast talisman
 c - a flux talisman
 p - a maw talisman (active)
 C - the serpent talisman of the Cockatrice {rElec rPois rF- rCorr}
   (You found it on level 6 of the Dungeon)

   [serpent talisman]

   rF-:       It makes you vulnerable to fire.
   rElec:     It insulates you from electricity.
   rPois:     It protects you from poison rCorr: It protects you from acid and
   corrosion.
Wands
 w - a wand of acid (12)
Scrolls
 a - a scroll of revelation
 d - a scroll of silence {unknown}
 e - 4 scrolls of fog
 f - 2 scrolls of vulnerability {unknown}
 g - a scroll of amnesia {unknown}
 l - a scroll of torment
 r - a scroll of immolation {unknown}
 u - 3 scrolls of enchant weapon
 z - a scroll of enchant armour {unknown}
 B - a scroll of blinking
 D - a scroll of poison
Potions
 h - a potion of haste
 n - a potion of cancellation
 o - 2 potions of invisibility
 q - 3 potions of curing
 x - 2 potions of degeneration


   Skills:
 + Level 5.7 Fighting
 + Level 3.7 Dodging
 * Level 7.1 Unarmed Combat
 + Level 3.1 Invocations
 * Level 8.0 Shapeshifting


You had 8 spell levels left.
You didn't know any spells.
Your spell library contained the following spells:

 Spells                   Type           Power      Damage    Failure   Level
 Apportation              Tloc           0%         N/A       41%         1
 Jinxbite                 Hex            0%         N/A       54%         2
 Vhi's Electric Charge    Tloc/Air       0%         N/A       99%         4
 Alistair's Intoxication  Tmut/Pois      0%         N/A       100%        5
 Arcjolt                  Conj/Air       0%         1d10      100%        5
 Maxwell's Capacitive Co  Air            0%         ∞         100%        8


Dungeon Overview and Level Annotations

Branches:
Dungeon (8/15)             Temple (1/1) D:4           Sewer (visited)
   Lair: D:8-11

Altars:
Ashenzari
Cheibriados
Dithmenos
Fedhas
Gozag
Hepliaklqana
Kikubaaqudgha
Makhleb
Nemelex Xobeh
Okawaru
Qazlal
Trog
Uskayaw
Vehumet
Wu Jian
Xom
Yredelemnul
The Shining One

Shops:
D:2 [(**:   D:6 **

Annotations:
D:5 exclusion: 4 doors


Innate Abilities, Weirdness & Mutations

You are a creature with a mouth for a stomach.
Your midsection houses a second, enormous mouth.
Your maximum health is decreased, since you lack skill for your form.
You cannot wear most types of armour.
You are amphibious.
You can wear up to eight rings at the same time.
Your skin changes colour to match your surroundings (Stealth+).
Your rubbery body absorbs attacks. (AC +1, EV +1)
((You are camouflaged when in or above water. (Stealth+)))
You have tentacles for arms and can constrict up to eight enemies at once.


Message History

Aiming: Corrosive Bolt
Press: ? - help, Shift-Dir - straight line, f/p - rakshasa
Aim: a rakshasa, wielding a +0 trident and wearing a +0 robe (lightly wounded, covered in acid, 57% to hit)
The bolt of acid misses the rakshasa.
The rakshasa blinks!
Aiming: Corrosive Bolt
Press: ? - help, Shift-Dir - straight line, f/p - rakshasa
Aim: a rakshasa, wielding a +0 trident and wearing a +0 robe (lightly wounded, covered in acid, 57% to hit)
The bolt of acid hits the rakshasa!
The rakshasa seems to be corroded for longer.
The rakshasa is moderately wounded.
Aiming: Corrosive Bolt
Press: ? - help, Shift-Dir - straight line, f/p - rakshasa
Aim: a rakshasa, wielding a +0 trident and wearing a +0 robe (moderately wounded, covered in acid, 57% to hit)
The bolt of acid misses the rakshasa.
MP restored: 20 The rakshasa hits you with a +0 trident!
You take 10 damage, and have 39/49 hp.
MASSIVE DAMAGE!!
You bludgeon the rakshasa! You grab the rakshasa. You squeeze the rakshasa.
You bite the rakshasa!
The rakshasa is severely wounded.
You lose your grip on the rakshasa.
The injured rakshasa weaves a defensive illusion!
The rakshasa hits you from afar with a +0 trident!
You take 17 damage, and have 22/49 hp.
MASSIVE DAMAGE!!
You closely miss the rakshasa. You grab the rakshasa. You bite the rakshasa.
The rakshasa is almost dead.
You constrict the rakshasa. The rakshasa closely misses you.
A howler monkey comes into view.
The rakshasa hits you from afar with a +0 trident!
* * * LOW HITPOINT WARNING * * *
The rakshasa hits you with a +0 trident!
The Shining One protects you from harm!
You take 15 damage, and have 7/49 hp.
MASSIVE DAMAGE!!
The howler monkey howls!
You tentacle-slap the rakshasa.
You kill the rakshasa!
The rakshasa shimmers and vanishes!
The rakshasa hits you from afar with a +0 trident!
You die...

#......#######.###
##......>........# ####
#........).......### ##..###
##.....##)#.#......# #.>.#.##
#......).###......##
#......###......#.# #..##...#
#.......###.....#[# ##.....##
###......##.......# ##......#
##....#..#.....W.R# #......##
#.....#..###..#...###......#####
#..<..#....##.##.R....#...######
###...###..#...#.....h......####
#...#*##..##.....###....####.#
**#.....,##.......#####..#.#....
**,....#..,#....##...###..#..g...
,,.....#...###..#)...###..g......
,.......,.###..##................


You could see 2 rakshasas and a howler monkey.

Vanquished Creatures
  3 ice beasts
  3 water moccasins
  2 orc warriors
  3 sky beasts
  A black bear (D:6)
  2 centaurs
  A kobold brigand (D:7)
  4 scorpions
  A gnoll sergeant (D:7)
  3 bullfrogs
  A killer bee (D:7)
  2 jellies
  2 hounds
  3 orc wizards
  4 iguanas
  10 adders
  13 gnolls
  3 white imps
  2 worms (D:2)
  3 dart slugs
  9 orcs
  6 endoplasms
  4 giant cockroaches
  5 hobgoblins
  3 jackals (D:2)
  4 quokkas
  13 ball pythons
  5 bats
  14 frilled lizards
  8 goblins
  5 kobolds
  3 rats
145 creatures vanquished.

Vanquished Creatures (others)
  A butterfly (D:8)
1 creature vanquished.

Grand Total: 146 creatures vanquished

Notes
Turn   | Place    | Note
-------+----------+-------------------------------------------
     0 | D:1      | Dirtsage the Octopode Shapeshifter began the quest for the
                  | Orb.
     0 | D:1      | Reached XP level 1. HP: 13/13 MP: 1/1
   176 | D:1      | Reached XP level 2. HP: 10/18 MP: 2/2
   622 | D:2      | Found Gutoget's Book Emporium.
   679 | D:2      | Found Sarun's Assorted Antiques.
   687 | D:2      | Bought a scroll labelled OSTRUU FEZAARCH for 22 gold pieces
   687 | D:2      | Bought a scroll labelled OSTRUU FEZAARCH for 22 gold pieces
   692 | D:2      | Identified the +3 sling "Fatorit" {drain, Will+ Str+3}
   707 | D:2      | Reached XP level 3. HP: 19/23 MP: 3/3
   791 | D:2      | Found Secle's Assorted Antiques.
   836 | D:2      | Found a snail-covered altar of Cheibriados.
  1001 | D:2      | Found Hytoax's Armour Boutique.
  1192 | D:2      | Reached XP level 4. HP: 29/29 MP: 4/4
  1242 | D:2      | Found a faded altar of an unknown god.
  1494 | D:2      | Found Yhywy's Weapon Emporium.
  1611 | D:3      | Found a glowing drain.
  1627 | Sewer    | Entered a sewer
  1693 | Sewer    | Reached skill level 4 in Shapeshifting
  1693 | Sewer    | Noticed a bullfrog
  1701 | Sewer    | Killed a bullfrog
  1702 | Sewer    | Reached XP level 5. HP: 35/35 MP: 5/5
  1828 | Sewer    | Reached XP level 6. HP: 39/41 MP: 6/6
  2069 | D:3      | Found a hide-covered altar of Uskayaw.
  2146 | D:3      | Found a hazy altar of Hepliaklqana.
  2187 | D:3      | Reached skill level 5 in Shapeshifting
  2753 | D:4      | Found a staircase to the Ecumenical Temple.
  2777 | Temple   | Entered the Ecumenical Temple
  2929 | D:4      | Reached XP level 7. HP: 45/46 MP: 7/7
  3276 | D:2      | Bought a tourmaline ring for 90 gold pieces
  3802 | D:5      | Entered Level 5 of the Dungeon
  4049 | D:5      | Reached skill level 5 in Unarmed Combat
  4049 | D:5      | Reached skill level 6 in Shapeshifting
  4211 | D:5      | Reached XP level 8. HP: 44/54 MP: 8/8
  4322 | D:5      | Found a glowing golden altar of the Shining One.
  4330 | D:5      | Became a worshipper of the Shining One
  4658 | D:6      | Found Gozag's Platinum Reserve.
  4662 | D:6      | Found an opulent altar of Gozag.
  4737 | D:6      | Reached skill level 1 in Invocations
  4737 | D:6      | Reached skill level 7 in Shapeshifting
  4943 | D:6      | Reached skill level 5 in Fighting
  5288 | D:6      | Identified the +7 long sword "Venluut Boga" {protect,
                  | Fragile rC++ Str+3}
  5409 | D:6      | Found a radiant altar of Vehumet.
  5472 | D:6      | Reached XP level 9. HP: 61/61 MP: 10/10
  5648 | D:6      | Identified the serpent talisman of the Cockatrice {rElec
                  | rPois rF- rCorr}
  5691 | D:6      | Found a transporter.
  5695 | D:6      | Found Xugysh Erujo's General Store.
  5698 | D:6      | Found a transporter.
  6049 | D:7      | Identified the +6 short sword of Desses {heavy, rPois Dex-2
                  | Stlth+}
  6153 | D:7      | Noticed a rakshasa
  6816 | D:8      | Reached skill level 8 in Shapeshifting
  6891 | D:8      | Reached * piety under the Shining One
  6941 | D:7      | The Shining One protects you from harm!
  6942 | D:7      | Slain by a rakshasa (illusionary)

Illustrated notes

Levels and vault maps discovered:
D:1:      minmay_arrival_jagged, layout_basic, minmay_tall_x
D:2:      minmay_spotlight, layout_basic, basic_altar,
          chequers_ecumenical_altar_twisty, serial_shops, shop,
          nicolae_diamond_shop, nicolae_shop_tiny_real_fake_doors,
          nicolae_shop_real_fake_doors, shop, serial_bayou_crossing
D:3:      layout_rooms, nicolae_uskayaw_suspiria, general_overflow_altar,
          serial_glass, glass_columns_a, glass_columns_c,
          cheibrodos_sewer_entry_drain, minmay_misc_feat_roman
D:4:      minmay_evil_eye, layout_loops_corners, temple_doors_e, serial_glass,
          glass_columns_c, glass_columns_b
D:5:      layout_rooms, nicolae_tso_swordbearing_angel, kennysheep_small_square
D:6:      layout_gridville, nicolae_gozag_zags_fifth_avenue,
          mainiacjoe_overflow_24_doors, serial_shops, nicolae_shop_drivethru
D:7:      nzn_winding_woodlands_cross [nzn_winding_woodlands_5x15_sidewinder,
          nzn_winding_woodlands_5x15_pockets, nzn_winding_woodlands_5x15_twine,
          nzn_winding_woodlands_5x15_jagged,
          nzn_winding_woodlands_15x15_five_gardens], layout_cave_pools,
          zin_treasury
D:8:      layout_basic, nicolae_elyvilon_peaceful_grove, nicolae_doodle_vault
Temple:   dshaligram_water_room_temple

Skill      XL: |  1  2  3  4  5  6  7  8  9 |
---------------+----------------------------+-----
Fighting       | 2 3 4 5 |  5.7
Shapeshifting  | 4 5 6 7 8 |  8.0
Unarmed Combat | 4 5 6 7 |  7.1
Invocations    | 2 3 |  3.1
Dodging        | 3 |  3.7

Action                     |  1- 3 |  4- 6 |  7- 9 || total
---------------------------+-------+-------+-------++-------
  Melee: Unarmed           |    64 |   109 |   147 ||   320
         Constrict         |    15 |    38 |    39 ||    92
         Tentacles         |    13 |    25 |    53 ||    91
         Punch             |     2 |     6 |    11 ||    19
         Maw               |       |       |     2 ||     2
 Invoke: Divine Shield     |       |       |     1 ||     1
  Evoke: Wand              |       |       |     5 ||     5
    Use: Scroll            |     1 |       |    12 ||    13
         Potion            |       |     1 |     1 ||     2
   Stab: Sleeping          |     6 |     8 |     5 ||    19
 Armour: Skin              |    22 |    40 |    81 ||   143
  Dodge: Dodged            |    27 |    52 |    72 ||   151
  Block: Buckler           |       |    22 |    29 ||    51
   Form: Anaconda          |       |       |     1 ||     1
         Maw               |       |       |     1 ||     1

Table legend: (Time is in decaauts)
 A = Elapsed time spent in this place.
 B = Non-inter-level travel time spent in this place.
 C = Inter-level travel time spent in this place.
 D = Time resting spent in this place.
 E = Time spent auto-exploring this place.
 F = Levels seen in this place.
 G = Mean time per level.
                   A        B        C        D        E       F      G
               +--------+--------+--------+--------+--------+-----+--------+
         Total |   6928 |   6600 |    328 |    547 |   4984 |  10 |  692.8 |
       Dungeon |   6644 |   6316 |    328 |    503 |   4860 |   8 |  830.5 |
        Temple |      1 |      1 |      0 |      0 |      0 |   1 |    1.0 |
         Sewer |    282 |    282 |      0 |     44 |    124 |   1 |  282.0 |
               +--------+--------+--------+--------+--------+-----+--------+

Top non-repeatable levels by time:
     D:6: 1416 daAuts
     D:4: 1406 daAuts
     D:2: 1004 daAuts
     D:5: 749 daAuts
     D:1: 610 daAuts
     D:7: 491 daAuts
     D:3: 490 daAuts
     D:8: 475 daAuts
   Sewer: 282 daAuts
  Temple: 1 daAuts
